 Seeded DCSS version 0.30-a0-137-gd8773701ce (webtiles) character file.

Game seed: 13425274819909471 (custom seed)

61 SigmundSlayer the Chiller (level 3, -3/26 HPs)
             Began as a Demigod Ice Elementalist on Sept 21, 2022.
             Slain by Grinder (6 damage)
             ... on level 3 of the Dungeon.
             The game lasted 00:02:38 (2844 turns).

SigmundSlayer the Chiller (DgIE)                    Turns: 2844, Time: 00:02:38

Health: -3/26      AC:  2    Str: 13    XL:     3   Next: 58%
Magic:  4/9        EV: 12    Int: 17    God:
Gold:   127        SH:  0    Dex: 14    Spells: 2/6 levels left

rFire   . . .      SeeInvis .    (no weapon)
rCold   + . .      Faith    .    (no shield)
rNeg    . . .      Spirit   .    a - +0 robe
rPois   .          Reflect  .    (no helmet)
rElec   .          Harm     .    (no cloak)
rCorr   .          Rampage  .    (no gloves)
Will    .....                    (no boots)
Stlth   ++........               (no amulet)
HPRegen 0.08/turn                g - ring of protection from cold
MPRegen 0.11/turn                (no ring)

@: freezing walls
A: high MP 1, forlorn, divine attributes
a: no special abilities


You were on level 3 of the Dungeon.
You visited 1 branch of the dungeon, and saw 3 of its levels.

You collected 127 gold pieces.

Inventory:

Armour
 a - a +0 robe (worn)
 e - a +0 tower shield
Jewellery
 g - a ring of protection from cold (left hand)
Scrolls
 i - a scroll of teleportation {unknown}
 l - a scroll of enchant weapon {unknown}
 n - a scroll of enchant armour {unknown}
Potions
 c - a potion of resistance {unknown}
 d - a potion of attraction {unknown}
 f - a potion of brilliance {unknown}
 h - 3 potions of curing {unknown}
 j - a potion of lignification {unknown}
 k - a potion of heal wounds {unknown}
 m - a potion of ambrosia {unknown}


   Skills:
 - Level 1.7 Dodging
 - Level 1.7 Stealth
 + Level 0.7 Shields
 + Level 2.4 Spellcasting
 + Level 4.5 Ice Magic


You had 2 spell levels left.
You knew the following spells:

 Your Spells              Type           Power      Damage    Failure   Level
a - Freeze                Ice            68%        1d8       3%          1
b - Frozen Ramparts       Ice            34%        1d6       9%          3

Your spell library contained the following spells:

 Spells                   Type           Power      Damage    Failure   Level
 Slow                     Hex            8%         N/A       19%         1
 Blink                    Tloc           4%         N/A       28%         2
 Ozocubu's Armour         Ice            17%        N/A       9%          3
 Confusing Touch          Hex            2%         N/A       50%         3
 Stone Arrow              Conj/Erth      4%         3d7       50%         3
 Vampiric Draining        Necr           2%         2d6       50%         3
 Hailstorm                Conj/Ice       9%         3d4       58%         4
 Animate Armour           Summ/Erth      4%         N/A       88%         4
 Manifold Assault         Tloc           2%         N/A       88%         4
 Storm Form               Tmut/Air       1%         N/A       100%        7
 Lehudib's Crystal Spear  Conj/Erth      1%         10d2      100%        8


Dungeon Overview and Level Annotations

Branches:
Dungeon (3/15)

Annotations:
D:3 Grinder


Innate Abilities, Weirdness & Mutations

You have an increased reservoir of magic. (+10% MP)
You shall have no god before yourself.
Your divine heritage dramatically boosts your attributes as you level up.


Message History

You freeze the ball python.
You kill the ball python!
You can't see any susceptible monsters within range! (Use Z to cast anyway.)
The endoplasm closely misses you.
You freeze the endoplasm.
You kill the endoplasm!
Magic restored.
Grinder comes into view.
You start removing your armour.
You continue taking off your +0 tower shield. x4
You finish taking off your +0 tower shield.
This spell is quite dangerous to cast!
Memorise Frozen Ramparts, consuming 3 spell levels and leaving 2?
You start memorising the spell.
You continue memorising. x3
You finish memorising.
Spell assigned to 'b'.
Grinder shouts!
Casting: Freeze (safe; 3% risk of failure)
Confirm with . or Enter, or press ? or * to list all spells.
Casting: Frozen Ramparts (quite dangerous; 9% risk of failure)
Press: ? - help, Dir - look around, f - activate The walls around you are covered in ice.
Grinder completely resists.
The wall freezes Grinder but does no damage.
Aiming: Freeze (safe; 3% risk of failure)
Press: ? - help, Q - select action, (/) - cycle Shift-Dir - straight line, f - Grinder
Aim: Grinder You freeze Grinder.
Grinder resists.
Grinder is lightly wounded.
Grinder completely resists.
The wall freezes Grinder but does no damage.
Grinder hits you!
You writhe in agony.
Aiming: Freeze (safe; 3% risk of failure)
Press: ? - help, Q - select action, (/) - cycle Shift-Dir - straight line, f/p - Grinder
Aim: Grinder (lightly wounded)
You freeze Grinder but do no damage.
Grinder completely resists.
The wall freezes Grinder but does no damage.
Grinder hits you!
* * * LOW HITPOINT WARNING * * *
You writhe in agony.
You die...

#.###.##....#.#
#.....##....#.# #.
#.....##....#.#
..#.....##....#.#
..#.....##....#.#
................#
.....##.#######.#
####.##.# #.#
##.##.#######@#
####.............5......
......##.##########.###.
####.###.# # ####.# #.#
.....# #.. .##### #.# .#
#.# .# #.#


You could see Grinder.

Vanquished Creatures
  An adder (D:2)
  A dart slug (D:1)
  3 endoplasms
  2 giant cockroaches
  3 goblins (D:1)
  A hobgoblin (D:1)
  10 jackals (D:2)
  2 kobolds
  2 quokkas (D:1)
  8 ball pythons
  5 bats
  4 frilled lizards (D:1)
  3 rats
45 creatures vanquished.

Notes
Turn   | Place    | Note
-------+----------+-------------------------------------------
     0 | D:1      | SigmundSlayer the Demigod Ice Elementalist began the quest
                  | for the Orb.
     0 | D:1      | Reached XP level 1. HP: 14/14 MP: 5/5
   217 | D:1      | Reached skill level 4 in Ice Magic
   301 | D:1      | Reached XP level 2. HP: 15/20 MP: 0/7
  1301 | D:2      | Reached XP level 3. HP: 26/26 MP: 6/8
  2829 | D:3      | Noticed Grinder
  2841 | D:3      | Learned a level 3 spell: Frozen Ramparts
  2844 | D:3      | Slain by Grinder

Illustrated notes

Levels and vault maps discovered:
D:1:      nzn_arrival_settlement, layout_basic, minmay_domino_4
D:2:      layout_loops_corners, hellmonk_ecumenical_altar_inner_sanctum,
          kennysheep_big_empty_room
D:3:      layout_basic, lemuel_crystal_altar, roderic_batcave, uniq_robin,
          uniq_grinder, uniq_sigmund

Skill      XL: |  1  2 |
---------------+-------+-----
Ice Magic      | 4 |  4.5
Spellcasting   | 2 |  2.4
Dodging        | |  1.7
Stealth        | |  1.7
Shields        | |  0.7

Action                   || total
-------------------------++-------
Melee: Unarmed           ||    12
 Cast: Freeze            ||    78
       Frozen Ramparts   ||     1
  Use: Potion            ||     1
 Stab: Distracted        ||     1
Armor: Robe              ||    25
Dodge: Dodged            ||    70
Block: Tower shield      ||    40

Table legend: (Time is in decaauts)
 A = Elapsed time spent in this place.
 B = Non-inter-level travel time spent in this place.
 C = Inter-level travel time spent in this place.
 D = Time resting spent in this place.
 E = Time spent auto-exploring this place.
 F = Levels seen in this place.
 G = Mean time per level.
                   A        B        C        D        E       F      G
               +--------+--------+--------+--------+--------+-----+--------+
         Total |   2843 |   2792 |     51 |    374 |   2045 |   3 |  947.7 |
       Dungeon |   2843 |   2792 |     51 |    374 |   2045 |   3 |  947.7 |
               +--------+--------+--------+--------+--------+-----+--------+

Top non-repeatable levels by time:
     D:2: 1442 daAuts
     D:1: 1241 daAuts
     D:3: 159 daAuts
